 Dungeon Crawl Stone Soup version 0.23.2-1-ga50397a (webtiles) character file.

Game seed: 9495704670323595441

5857 oxymoron the Fighter (level 10, -1/75 HPs)
             Began as an Octopode Monk on June 2, 2019.
             Was a High Priest of Okawaru.
             Slain by a hornet (10 damage)
             ... while paralysed by a hornet
             ... on level 9 of the Dungeon.
             The game lasted 00:36:53 (11939 turns).

oxymoron the Fighter (Octopode Monk)               Turns: 11939, Time: 00:36:53

Health: -1/75      AC:  1    Str: 13    XL:     10   Next: 81%
Magic:  22/22      EV:  2    Int: 12    God:    Okawaru [*****.]
Gold:   159        SH:  0    Dex: 16    Spells: 4/11 levels left

rFire    . . .     SeeInvis .   u - +2 dagger (venom)
rCold    + . .     Gourm    .   I - +0 buckler
rNeg     . . .     Faith    .   (helmet restricted)
rPois    .         Spirit   .   c - amulet of the acrobat
rElec    .         Reflect  .   f - ring of protection from cold
rCorr    +         Harm     .   p - ring of resist corrosion
MR       +....                  r - +2 ring of evasion
Stlth    ++++......             (no ring)
HPRegen  0.22/turn              F - ring of protection from magic
MPRegen  0.18/turn              H - +1 ring of evasion
                                t - ring of magical power
                                (no ring)

@: paralysed, lethally poisoned (-1 -> -21), slowed
A: almost no armour, stealthy swim, amphibious, 8 rings, constrict 8, camouflage
1, gelatinous body 1
a: Heroism, Finesse, Renounce Religion


You were on level 9 of the Dungeon.
You worshipped Okawaru.
Okawaru was extremely pleased with you.
You were not hungry.

You visited 2 branches of the dungeon, and saw 10 of its levels.
You also visited: Sewer and Ossuary.

You collected 475 gold pieces.
You spent 316 gold pieces at shops.

Inventory:

Hand Weapons
 b - a +0 dagger
 u - a +2 dagger of venom (weapon)
 z - a +0 vampiric broad axe
 K - a +3 short sword
 T - the +4 rapier of Taxation {freeze, rC+ MP+9}
   (You bought it in a shop on level 8 of the Dungeon)

   It has been specially enchanted to freeze those struck by it, causing extra
   injury to most foes and up to half again as much damage against particularly
   susceptible opponents.
   It can also slow down cold-blooded creatures.
   It protects you from cold.
   It affects your magic capacity (+9).
Missiles
 q - 41 poisoned needles
 R - 3 tomahawks (quivered)
Armour
 I - a +0 buckler (worn)
Magical Staves
 L - an uncursed staff of earth {unknown}
 N - an uncursed staff of summoning
 Q - an uncursed staff of conjuration
Jewellery
 c - an amulet of the acrobat (around mantle)
 f - a ring of protection from cold (left tentacle)
 p - a ring of resist corrosion (right tentacle)
 r - a +2 ring of evasion (on tentacle)
 t - a ring of magical power (on tentacle)
 F - a ring of protection from magic (on tentacle)
 H - a +1 ring of evasion (on tentacle)
 P - a +3 amulet of reflection
Wands
 w - a wand of paralysis (11)
 J - a wand of iceblast (8)
 V - a wand of polymorph (5)
Scrolls
 g - 3 scrolls of amnesia
 i - 6 scrolls of teleportation
 l - 2 scrolls of magic mapping
 m - 4 scrolls of remove curse
 x - 3 scrolls of fog {unknown}
 y - 2 scrolls of blinking {unknown}
 B - a scroll of fear
 D - a scroll of enchant armour
 G - a scroll of random uselessness {unknown}
 M - a scroll of silence {unknown}
 O - 2 scrolls of enchant weapon {unknown}
 U - 2 scrolls of identify
Potions
 d - 2 potions of flight
 e - 2 potions of might
 h - 4 potions of lignification
 j - 5 potions of magic
 k - 2 potions of heal wounds
 n - 6 potions of haste
 o - 7 potions of curing
 s - 4 potions of ambrosia
 v - a potion of resistance {unknown}
 A - 2 potions of brilliance
 C - a potion of agility {unknown}
 E - a potion of invisibility {unknown}
Comestibles
 a - 20 rations
 S - 4 chunks of flesh


   Skills:
 + Level 9.7 Fighting
 - Level 5.0 Short Blades
 - Level 0.6 Throwing
 - Level 4.4 Dodging
 - Level 4.3 Stealth
 - Level 4.0 Shields
 * Level 9.2 Unarmed Combat
 * Level 1.0 Spellcasting
 * Level 1.1 Summonings
 * Level 1.1 Translocations
 - Level 5.0 Invocations


You had 4 spell levels left.
You knew the following spells:

 Your Spells              Type           Power        Failure   Level  Hunger
a - Blink                 Tloc           N/A          28%         2    ###....
b - Call Imp              Summ           #.......     28%         2    ###....
c - Conjure Flame         Conj/Fire      #.......     65%         3    ####...

Your spell library contained the following spells:

 Spells                   Type           Power        Failure   Level  Hunger
 Magic Dart               Conj           #...         30%         1    ##.....
 Slow                     Hex            #.......     41%         2    ###....
 Mephitic Cloud           Conj/Pois/Air  #.......     65%         3    ####...


Dungeon Overview and Level Annotations

Branches:
Dungeon (9/15)             Temple (1/1) D:4            Lair (0/6) D:8
    Orc: D:9-12

Altars:
Ashenzari
Cheibriados
Makhleb
Okawaru
Ru
Sif Muna
Wu Jian
Xom
Yredelemnul
Zin
The Shining One

Shops:
D:6 ?   D:7 *   D:8 (

Annotations:
D:2 exclusion: downstairs
D:3 exclusion: downstairs


Innate Abilities, Weirdness & Mutations

You cannot wear most types of armour.
You are very stealthy in the water. (Stealth+)
You are amphibious.
You can wear up to eight rings at the same time.
You can use your tentacles to constrict eight enemies at once.
Your skin changes colour to match your surroundings (Stealth+).
Your rubbery body absorbs attacks. (AC +1, EV +1)


Message History

You hit the hornet.
The hornet is moderately wounded.
You constrict the hornet. The hornet stings you!
You feel yourself slow down. The hornet stings you!
You are poisoned.
You suddenly lose the ability to move!
You lose your grip on the hornet.
You feel sick. The hornet stings you!
You feel as though you will be slow longer.
You feel sick. The hornet stings you!!
* * * LOW HITPOINT WARNING * * *
You are more poisoned.
You feel as though you will be slow longer.
The hornet stings you.
* * * LOW HITPOINT WARNING * * *
You are more poisoned.
You feel as though you will be slow longer.
* * * LOW HITPOINT WARNING * * *
You feel very sick.
The hornet looks more healthy.
The hornet stings you!
You die...

#############.....#
##......##...'.....#
.'......##.###.....#
##......##.# #.....#
##......##.# #.....#
#......##.# #.....#
#......##.# #.....#
#......'..# #.....#
#......#### ###@###
###+#### #...y.#
#.###.# .. _. #. .#.
# ...# .. # ..#


You could see a hornet.

Vanquished Creatures
  2 hippogriffs (D:8)
  5 yaks
  A basilisk (D:8)
  4 hogs (D:7)
  A human (D:7)
  Menkaure (D:4)
  2 water moccasins
  4 porcupines
  An orc warrior (D:8)
  An ice beast (D:6)
  A phantom (D:8)
  5 centaurs
  8 ogres
  A crocodile (D:8)
  4 bullfrogs
  A big kobold (D:8)
  2 water moccasin zombies (Ossuary)
  5 howler monkeys
  3 crimson imps
  A human zombie (D:8)
  A bullfrog zombie (D:7)
  3 hounds
  A jelly (D:7)
  An orc priest (D:8)
  A bullfrog skeleton (D:9)
  A centaur skeleton (D:4)
  3 iguanas
  6 orc wizards
  2 worker ants
  A big kobold zombie (Ossuary)
  A hound zombie (D:8)
  A hound skeleton (D:4)
  2 mummies (Ossuary)
  15 adders
  11 gnolls
  5 river rats (Sewer)
  3 oozes
  A worm zombie (D:8)
  5 adder zombies (Ossuary)
  A dart slug (D:3)
  7 leopard geckos
  20 orcs
  12 giant cockroaches
  3 gnoll zombies (Ossuary)
  A goblin (D:3)
  8 hobgoblins
  8 jackals
  9 kobolds
  3 quokkas
  13 ball pythons
  5 bats
  5 frilled lizards
  2 hobgoblin zombies (Ossuary)
  A jackal zombie (D:8)
  3 kobold zombies (Ossuary)
  A leopard gecko skeleton (D:4)
  A leopard gecko zombie (D:8)
  4 orc zombies (Ossuary)
  A quokka skeleton (D:7)
  30 rats
  A butterfly (D:4)
256 creatures vanquished.

Vanquished Creatures (others)
  A bush (D:8)
  3 fungi (D:8)
  7 plants (D:8)
11 creatures vanquished.

Grand Total: 267 creatures vanquished

Notes
Turn   | Place    | Note
-------+----------+-------------------------------------------
     0 | D:1      | oxymoron the Octopode Monk began the quest for the Orb.
     0 | D:1      | Reached XP level 1. HP: 16/16 MP: 1/1
   192 | D:1      | Reached XP level 2. HP: 16/21 MP: 2/2
   452 | D:1      | Reached XP level 3. HP: 21/26 MP: 3/3
  1281 | D:2      | Reached XP level 4. HP: 27/31 MP: 4/4
  2295 | D:2      | Reached XP level 5. HP: 22/36 MP: 5/5
  4020 | D:4      | Noticed Menkaure
  4030 | D:4      | Killed Menkaure
  4030 | D:4      | Reached XP level 6. HP: 35/43 MP: 6/6
  4197 | D:4      | Reached skill level 5 in Unarmed Combat
  4448 | D:4      | Reached XP level 7. HP: 49/49 MP: 7/7
  5022 | D:4      | Found a staircase to the Ecumenical Temple.
  5031 | Temple   | Entered the Ecumenical Temple
  5051 | Temple   | Became a worshipper of Warmaster Okawaru
  5051 | Temple   | Reached * piety under Okawaru
  5051 | Temple   | Reached ** piety under Okawaru
  5322 | D:4      | Reached skill level 5 in Fighting
  5322 | D:4      | Reached skill level 1 in Short Blades
  5322 | D:4      | Reached skill level 1 in Invocations
  5501 | D:5      | Entered Level 5 of the Dungeon
  5618 | D:5      | Reached XP level 8. HP: 55/55 MP: 9/9
  5841 | D:5      | Reached *** piety under Okawaru
  5964 | D:6      | Found a shimmering altar of Xom.
  6079 | D:6      | Found Ofoasesili's Magic Scroll Boutique.
  6099 | D:6      | Bought a scroll of identify for 28 gold pieces
  6168 | D:6      | Found a basalt altar of Yredelemnul.
  6382 | D:6      | Found a glowing drain.
  6394 | Sewer    | Entered a sewer
  6588 | Sewer    | Reached XP level 9. HP: 44/62 MP: 11/11
  7429 | D:7      | Found Zuliych's Assorted Antiques.
  7437 | D:7      | Reached skill level 5 in Short Blades
  7446 | D:7      | Bought a tubular brass ring for 90 gold pieces
  8811 | D:7      | Reached skill level 1 in Shields
  8993 | D:7      | Reached skill level 5 in Invocations
  9006 | D:7      | Reached **** piety under Okawaru
  9211 | D:8      | Reached XP level 10. HP: 58/72 MP: 13/13
  9623 | D:8      | Found a sand-covered staircase.
  9670 | Ossuary  | Entered an ossuary
 10267 | D:8      | Reached ***** piety under Okawaru
 10450 | D:8      | Found a staircase to the Lair.
 10831 | D:8      | Found Focafru's Antique Weapon Emporium.
 11075 | D:8      | Bought a blackened rapier for 198 gold pieces
 11075 | D:8      | Identified the +4 rapier of Taxation {freeze, rC+ MP+9}
                  | (You bought it in a shop on level 8 of the Dungeon)
 11282 | D:8      | Learned a level 2 spell: Blink
 11285 | D:8      | Learned a level 2 spell: Call Imp
 11289 | D:8      | Learned a level 3 spell: Conjure Flame
 11836 | D:9      | Reached skill level 1 in Summonings
 11836 | D:9      | Reached skill level 1 in Translocations
 11863 | D:9      | Reached skill level 1 in Spellcasting
 11868 | D:9      | Found a burning altar of Makhleb.
 11930 | D:9      | Found a shattered altar of Ashenzari.
 11936 | D:9      | Paralysed by a hornet for 3 turns
 11939 | D:9      | Slain by a hornet

Skill      XL: |  1  2  3  4  5  6  7  8  9 10 |
---------------+-------------------------------+-----
Stealth        | 3 4 |  4.3
Dodging        | 4 |  4.4
Unarmed Combat | 4 5 6 7 8 9 |  9.2
Fighting       | 4 5 6 7 9 |  9.7
Short Blades   | 2 4 5 |  5.0
Invocations    | 2 3 5 |  5.0
Shields        | 3 4 |  4.0
Summonings     | 1 |  1.1
Translocations | 1 |  1.1
Spellcasting   | 1 |  1.0
Throwing       | |  0.6

Action                   |  1- 3 |  4- 6 |  7- 9 | 10-12 || total
-------------------------+-------+-------+-------+-------++-------
Melee: Dagger            |    65 |   113 |   302 |   133 ||   613
       Unarmed           |     5 |       |       |       ||     5
       Tentacles         |    13 |    23 |    79 |    57 ||   172
       Constrict         |    15 |    32 |    68 |    35 ||   150
       Punch             |     2 |     7 |    23 |    15 ||    47
       Short sword       |       |       |       |    51 ||    51
       Rapier            |       |       |       |    48 ||    48
Throw: Tomahawk          |       |       |       |     5 ||     5
Invok: Heroism           |       |       |     4 |     2 ||     6
  Use: Scroll            |       |       |    12 |     5 ||    17
       Potion            |       |       |       |     2 ||     2
 Stab: Sleeping          |     9 |    11 |    19 |     5 ||    44
       Distracted        |     1 |     1 |     1 |     2 ||     5
  Eat: Chunk             |     1 |    10 |    15 |     5 ||    31
       Ration            |       |       |       |     1 ||     1
Armor: Skin              |    11 |     7 |     3 |     7 ||    28
Dodge: Dodged            |    51 |    80 |   189 |   115 ||   435
Block: Buckler           |       |       |    10 |    32 ||    42
